 Dungeon Sprint DCSS version 0.23.2 (webtiles) character file.

Game seed: 7034236953344398712

5200000 Fang the Conqueror (level 27, -18/249 HPs)
             Began as a Demonspawn Gladiator on Apr 2, 2019.
             Was the Champion of Makhleb.
             Demolished by a meat berserker
             ... wielding a +9 battleaxe
              (93 damage)
             ... in the Dungeon (Sprint VIII: "Arena of Blood").
             The game lasted 00:00:45 (52 turns).

Fang the Conqueror (Demonspawn Gladiator)             Turns: 52, Time: 00:00:46

Health: -18/249    AC: 12    Str: 31    XL:     27
Magic:  54/54      EV: 40    Int: 10    God:    Makhleb [******]
Gold:   0          SH:  0    Dex: 21    Spells: 80/80 levels left

rFire    + . .     SeeInvis .   l - +∞ Axe of Woe
rCold    . . .     Gourm    .   (shield currently unavailable)
rNeg     . . .     Faith    .   b - +0 leather armour
rPois    .         Spirit   .   c - +0 helmet
rElec    .         Reflect  .   (no cloak)
rCorr    .         Harm     .   (no gloves)
MR       ++...     NoTele   +   (boots unavailable)
Stlth    +++++++++.             (no amulet)
HPRegen  0.51/turn              (no ring)
MPRegen  0.34/turn              (no ring)

@: mighty, agile
A: hooves 3, molten scales 3, powered by pain 3, spiny 3, augmentation 3
a: Minor Destruction, Lesser Servant of Makhleb, Major Destruction, Greater
Servant of Makhleb, Renounce Religion


You were in the Dungeon.
You worshipped Makhleb.
Makhleb was exalted by your worship.
You were not hungry.

You visited 1 branch

Inventory:

Hand Weapons
 a - a +0 war axe
 l - the +∞ Axe of Woe (weapon)
   (You found it in the Dungeon)
Missiles
 d - 3 throwing nets (quivered)
Armour
 b - a +0 leather armour (worn)
 c - a +0 helmet (worn)
Scrolls
 k - a scroll of blinking
Potions
 e - a potion of curing
 g - a potion of heal wounds
 h - a potion of haste
 i - 2 potions of magic
 j - a potion of berserk rage
Comestibles
 f - a ration


   Skills:
 O Level 27 Fighting
 O Level 27 Axes
 O Level 27 Throwing
 O Level 27 Armour
 O Level 27 Dodging
 O Level 27 Stealth
 O Level 27 Unarmed Combat
 O Level 27 Spellcasting
 O Level 27 Invocations


You had 80 spell levels left.
You didn't know any spells.
Your spell library was empty.

Dungeon Overview and Level Annotations

Branches:
Dungeon (1/1)

Altars:
Makhleb

Annotations:
D The Servant


Innate Abilities, Weirdness & Mutations

You have hooves in place of feet.
You are completely covered in molten scales. (AC +4, rF+)
You are powered by pain.
You are completely covered in sharp spines.
Your magical and physical power is greatly enhanced at high health.


Message History

You slice the crawling corpse!!
You hew the crawling corpse savagely.
You destroy the crawling corpse!
The tyrant appears out of thin air!
A tyrant comes into view.
You are engulfed in blazing flames.
You resist.
You hear a shout! x6
The destroyer blinks!
You hear a shout!
The bag of meat is engulfed in blazing flames. x2
You hear a shout!
The bag of meat is engulfed in blazing flames.
The destroyer blinks!
The eight-headed meat hydra is engulfed in blazing flames.
The eight-headed meat hydra calls on the powers of darkness!
The eight-headed meat hydra convulses!
The bag of meat convulses! x3
Something is bathed in an unholy light!
The bag of meat convulses! x2
Something is bathed in an unholy light!
Your body is wracked with pain!
The meat berserker convulses!
The bag of meat convulses!
The meat berserker hits you with a +9 battleaxe!!!!
You die...

........###......
.#........_......
.....§.#..%..# .
.......#_.<._# ..
....§..#..x..#...
.#.......)_..V...
......)..###%.....
....###.))o...###.
..... #))@O.%.#
oD..x.#o§§o...#
.....o°o§o§V.§.L.
#....D§☼☼x§......
......§°z........
#..............##
..%..#........#..
..............#..
..%.##.#.......


You could see a tyrant (wandering), an eight-headed meat hydra, 2 destroyers, a
sculptor of flesh, a meat berserker (berserk), 6 bags of meat and a crawling
corpse.

Vanquished Creatures
  13 vampire knights (D)
  18 ogres (D)
  5 two-headed ogres (D)
  A lich (D)
  38 orcs (D)
  7 skeletal warriors (D)
  5 small abominations (D)
  4 large abominations (D)
  7 crawling corpses (D)
98 creatures vanquished.

Vanquished Creatures (others)
  3 crawling corpses (D)
3 creatures vanquished.

Grand Total: 101 creatures vanquished

Notes
Turn   | Place    | Note
-------+----------+-------------------------------------------
     0 | D        | Found the +∞ Axe of Woe
     0 | D        | Fang the Demonspawn Gladiator began the quest for the Orb.
     0 | D        | Reached XP level 1. HP: 16/16 MP: 1/1
     4 | D        | Became a worshipper of Makhleb the Destroyer
     7 | D        | Noticed a bag of meat
     7 | D        | Noticed a bag of meat
     7 | D        | Noticed a meat berserker
     7 | D        | Noticed a bag of meat
     8 | D        | Killed a bag of meat
     8 | D        | Gained mutation: You are partially covered in sharp spines.
                  | [demonic ancestry]
     8 | D        | Reached XP level 2. HP: 43/43 MP: 2/2
     8 | D        | Reached XP level 3. HP: 49/49 MP: 3/3
     8 | D        | Reached XP level 4. HP: 56/56 MP: 4/4
     8 | D        | Gained mutation: You have large cloven feet. [demonic
                  | ancestry]
     8 | D        | Reached XP level 5. HP: 62/62 MP: 5/5
     8 | D        | Gained mutation: You are mostly covered in sharp spines.
                  | [demonic ancestry]
     8 | D        | Reached XP level 6. HP: 69/69 MP: 6/6
     8 | D        | Reached XP level 7. HP: 75/75 MP: 7/7
     8 | D        | Gained mutation: You are completely covered in sharp
                  | spines. [demonic ancestry]
     8 | D        | Reached XP level 8. HP: 82/82 MP: 8/8
     8 | D        | Gained mutation: You have hoof-like feet. [demonic
                  | ancestry]
     8 | D        | Reached XP level 9. HP: 88/88 MP: 9/9
     8 | D        | Gained mutation: You sometimes gain a little power by
                  | taking damage. [demonic ancestry]
     8 | D        | Reached XP level 10. HP: 95/95 MP: 10/10
     8 | D        | Gained mutation: You sometimes gain power by taking damage.
                  | [demonic ancestry]
     8 | D        | Reached XP level 11. HP: 101/101 MP: 11/11
     8 | D        | Noticed a bag of meat
     9 | D        | Noticed a bag of meat
     9 | D        | Killed a bag of meat
     9 | D        | Reached * piety under Makhleb
     9 | D        | Reached skill level 15 in Axes
     9 | D        | Reached skill level 15 in Throwing
     9 | D        | Reached skill level 15 in Dodging
     9 | D        | Reached XP level 12. HP: 113/113 MP: 12/12
     9 | D        | Noticed a meat berserker
     9 | D        | Noticed a bag of meat
     9 | D        | Noticed a bag of meat
     9 | D        | Noticed a bag of meat
    10 | D        | Noticed a bag of meat
    10 | D        | Killed a meat berserker
    10 | D        | Gained mutation: You are partially covered in molten
                  | scales. (AC +2) [demonic ancestry]
    10 | D        | Reached XP level 13. HP: 125/125 MP: 13/13
    10 | D        | Gained mutation: You are powered by pain. [demonic
                  | ancestry]
    10 | D        | Reached XP level 14. HP: 133/133 MP: 14/14
    10 | D        | Noticed a bag of meat
    11 | D        | Noticed a bag of meat
    11 | D        | Noticed a bag of meat
    11 | D        | Noticed a bag of meat
    11 | D        | Noticed a bag of meat
    11 | D        | Noticed a bag of meat
    12 | D        | Killed a bag of meat
    12 | D        | Noticed a bag of meat
    12 | D        | Noticed a bag of meat
    12 | D        | Noticed a bag of meat
    13 | D        | Killed a meat berserker
    13 | D        | Reached ** piety under Makhleb
    13 | D        | Reached XP level 15. HP: 146/146 MP: 15/15
    13 | D        | Reached XP level 16. HP: 157/157 MP: 16/16
    14 | D        | Reached *** piety under Makhleb
    15 | D        | Reached XP level 17. HP: 169/169 MP: 17/17
    16 | D        | Reached **** piety under Makhleb
    16 | D        | Reached skill level 27 in Fighting
    16 | D        | Reached XP level 18. HP: 182/182 MP: 18/18
    17 | D        | Noticed a meat berserker
    17 | D        | Noticed a meat berserker
    17 | D        | Reached ***** piety under Makhleb
    17 | D        | Reached skill level 27 in Axes
    17 | D        | Reached skill level 27 in Throwing
    17 | D        | Reached skill level 27 in Dodging
    17 | D        | Reached skill level 5 in Armour
    17 | D        | Reached skill level 5 in Unarmed Combat
    17 | D        | Reached skill level 5 in Spellcasting
    17 | D        | Noticed a meat berserker
    18 | D        | Noticed a large bag of meat
    19 | D        | Reached skill level 10 in Armour
    19 | D        | Reached skill level 10 in Unarmed Combat
    19 | D        | Reached skill level 10 in Spellcasting
    19 | D        | Gained mutation: You are mostly covered in molten scales.
                  | (AC +3) [demonic ancestry]
    19 | D        | Reached XP level 19. HP: 189/189 MP: 18/33
    19 | D        | Reached skill level 15 in Stealth
    20 | D        | Noticed a destroyer
    20 | D        | Killed a meat berserker
    20 | D        | Reached ****** piety under Makhleb
    20 | D        | Killed a meat berserker
    20 | D        | Reached XP level 20. HP: 197/197 MP: 18/41
    20 | D        | Noticed a large bag of meat
    22 | D        | Noticed a large bag of meat
    22 | D        | Noticed a meat berserker
    22 | D        | Noticed a destroyer
    23 | D        | Killed a large bag of meat
    23 | D        | Reached skill level 27 in Invocations
    23 | D        | Reached XP level 21. HP: 121/204 MP: 38/46
    24 | D        | Killed a large bag of meat
    27 | D        | Killed a destroyer
    27 | D        | Reached skill level 27 in Stealth
    27 | D        | Reached XP level 22. HP: 212/212 MP: 39/52
    27 | D        | Noticed a destroyer
    28 | D        | Noticed a large bag of meat
    29 | D        | Reached skill level 27 in Armour
    29 | D        | Reached skill level 27 in Unarmed Combat
    29 | D        | Reached skill level 27 in Spellcasting
    30 | D        | Killed a destroyer
    30 | D        | Gained mutation: You have hooves in place of feet. [demonic
                  | ancestry]
    30 | D        | Reached XP level 23. HP: 219/219 MP: 39/54
    33 | D        | Noticed a destroyer
    33 | D        | Gained mutation: Your magical and physical power is
                  | slightly enhanced at high health. [demonic ancestry]
    33 | D        | Reached XP level 24. HP: 227/227 MP: 54/54
    35 | D        | Noticed a destroyer
    35 | D        | Noticed a destroyer
    36 | D        | Killed a destroyer
    36 | D        | Killed a large bag of meat
    36 | D        | Killed a destroyer
    36 | D        | Gained mutation: You are completely covered in molten
                  | scales. (AC +4, rF+) [demonic ancestry]
    36 | D        | Reached XP level 25. HP: 234/234 MP: 54/54
    37 | D        | Killed a large bag of meat
    38 | D        | Gained mutation: Your magical and physical power is
                  | enhanced at high health. [demonic ancestry]
    38 | D        | Reached XP level 26. HP: 242/242 MP: 54/54
    38 | D        | Noticed a destroyer
    40 | D        | Noticed a destroyer
    40 | D        | Noticed a destroyer
    41 | D        | Noticed a destroyer
    41 | D        | Killed a destroyer
    41 | D        | Gained mutation: Your magical and physical power is greatly
                  | enhanced at high health. [demonic ancestry]
    41 | D        | Reached XP level 27. HP: 249/249 MP: 54/54
    41 | D        | Killed a destroyer
    41 | D        | Killed a destroyer
    41 | D        | Noticed a destroyer
    42 | D        | Killed a destroyer
    42 | D        | Noticed a large bag of meat
    43 | D        | Killed a destroyer
    43 | D        | Killed a destroyer
    43 | D        | Noticed a destroyer
    45 | D        | Noticed a tyrant
    45 | D        | Noticed The Servant
    46 | D        | Killed a destroyer
    46 | D        | Noticed a destroyer
    47 | D        | Noticed a destroyer
    48 | D        | Killed a destroyer
    48 | D        | Killed a tyrant
    48 | D        | Noticed a destroyer
    49 | D        | Killed a destroyer
    51 | D        | Killed a large bag of meat
    52 | D        | Noticed a tyrant
    52 | D        | Demolished by a meat berserker

Skill      XL: |  1  2  3  4  5  6  7  8  9 10 11 12 13 14 15 16 17 18 19 20 21 22 |
---------------+-------------------------------------------------------------------+-----
Fighting       | 14 16 19 22 23 25 27 | 27.0
Axes           | 13 15 18 20 22 23 26 27 | 27.0
Throwing       | 13 15 18 20 21 23 26 27 | 27.0
Dodging        | 13 15 18 20 22 23 26 27 | 27.0
Armour         | 10 17 21 26 27 | 27.0
Stealth        | 11 19 22 27 | 27.0
Unarmed Combat | 10 17 21 26 27 | 27.0
Spellcasting   | 10 17 21 26 27 | 27.0
Invocations    | 14 23 27 | 27.0

Action                   |  1- 3 |  4- 6 |  7- 9 | 10-12 | 13-15 | 16-18 | 19-21 | 22-24 | 25-27 || total
-------------------------+-------+-------+-------+-------+-------+-------+-------+-------+-------++-------
Melee: Executioner's axe |     1 |       |       |     2 |     2 |     5 |     6 |     7 |    14 ||    37
Dodge: Dodged            |       |       |       |     1 |       |       |       |     1 |     2 ||     4
